 Dungeon Crawl Stone Soup version 0.26.0-15-gc6cd9f7 (webtiles) character file.

Game seed: 3246422856346095325

12106 brinewave the Fighter (level 11, -1/104 HPs)
             Began as a Minotaur Monk on Jan 24, 2021.
             Was an Elder of Qazlal.
             Slain by a yak (12 damage)
             ... on level 9 of the Dungeon.
             The game lasted 00:50:08 (11444 turns).

brinewave the Fighter (Minotaur Monk)              Turns: 11444, Time: 00:50:09

Health: -1/104     AC:  7    Str: 16    XL:     11   Next: 58%
Magic:  10/10      EV: 13    Int:  7    God:    Qazlal [****..]
Gold:   497        SH:  5    Dex: 16    Spells: 10/10 levels left

rFire    . . .     SeeInvis .   a - +1 falchion
rCold    . . .     Faith    .   (no shield)
rNeg     . . .     Spirit   .   w - +0 leather armour
rPois    .         Reflect  .   B - +2 hat
rElec    .         Harm     .   r - +0 cloak
rCorr    .         Rampage  .   (no gloves)
Will     .....                  (no boots)
Stlth    ++........             K - amulet of regeneration
HPRegen  0.67/turn              o - ring of stealth
MPRegen  0.12/turn              q - ring of flight

@: repel missiles
A: retaliatory headbutt, horns 2
a: Renounce Religion, Evoke Flight, Upheaval, Elemental Force


You were on level 9 of the Dungeon.
You worshipped Qazlal.
Qazlal was greatly pleased with you.
You visited 4 branches of the dungeon, and saw 14 of its levels.
You also visited: Gauntlet.

You collected 637 gold pieces.
You spent 140 gold pieces at shops.

Inventory:

Hand Weapons
 a - a +1 falchion (weapon)
 d - a +0 glaive of flaming
 C - a +0 shortbow
 O - a +2 hunting sling of flaming
Missiles
 e - 20 boomerangs (quivered)
 i - 76 bolts
 k - 104 sling bullets
 m - 92 arrows
 H - 37 poisoned darts
 S - 5 javelins
Armour
 b - a +1 robe
 g - a cursed +0 ring mail
 r - a +0 cloak (worn)
 w - a +0 leather armour (worn)
 B - a +2 hat (worn)
Jewellery
 o - a ring of stealth (left hand)
 q - a ring of flight (right hand)
 K - an amulet of regeneration (around neck)
 N - a +6 ring of intelligence
Wands
 v - a wand of disintegration (13)
 x - a wand of digging (4)
 D - a wand of paralysis (8)
 F - a wand of enslavement (8)
 Q - a wand of polymorph (10)
Scrolls
 c - 5 scrolls of enchant armour
 h - 2 scrolls of amnesia
 j - 3 scrolls of remove curse
 s - 2 scrolls of blinking
 y - 7 scrolls of teleportation
 E - 3 scrolls of magic mapping
 I - 2 scrolls of fog
 P - a scroll of fear {unknown}
Potions
 f - a potion of invisibility
 l - a potion of mutation
 n - 2 potions of lignification {unknown}
 p - 2 potions of degeneration
 t - a potion of flight {unknown}
 u - 3 potions of curing
 z - 3 potions of haste
 A - 4 potions of attraction
 G - a potion of ambrosia {unknown}
 J - a potion of magic
 L - a potion of might
 M - a potion of brilliance {unknown}
Miscellaneous
 R - a tin of tremorstones (2/2)


   Skills:
 + Level 11.7 Fighting
 + Level 11.7 Long Blades
 + Level 9.9 Slings
 + Level 10.7 Armour
 - Level 3.2 Dodging
 - Level 1.5 Stealth


You had 10 spell levels left.
You didn't know any spells.
Your spell library was empty.

Dungeon Overview and Level Annotations

Branches:
Dungeon (9/15)             Temple (1/1) D:6            Lair (3/6) D:8
  Snake (1/4) Lair:2      Gauntlet (visited)
  Swamp: Lair:2-4    Shoals: Lair:2-4       Orc: D:9-12

Altars:
Ashenzari
Cheibriados
Elyvilon
Gozag
Hepliaklqana
Makhleb
Nemelex Xobeh
Okawaru
Qazlal
Ru
Sif Muna
Uskayaw
Vehumet
Wu Jian
Xom
Yredelemnul
Zin
The Shining One

Shops:
D:6 }

Annotations:
Lair:2 exclusion: oklob plant


Innate Abilities, Weirdness & Mutations

You reflexively headbutt those who attack you in melee.
You have a pair of horns on your head.


Message History

The yak closely misses you. You furiously retaliate!
You headbutt the yak.
You riposte.
You hit the yak.
The yak is moderately wounded.
You hit the yak.
The yak is moderately wounded.
The yak closely misses you. You furiously retaliate!
You headbutt the yak, but do no damage. You hit the yak. You headbutt the yak.
The yak is heavily wounded.
You barely miss the yak. Your headbutt misses the yak.
The yak is heavily wounded.
You block the yak's attack.
You hit the yak but do no damage.
The yak is heavily wounded.
The yak gores you!
* * * LOW HITPOINT WARNING * * *
You slash the yak!
The yak is severely wounded.
The yak gores you!
You die...

#. #.### #.#..
#.#.# .# #.#.#
#.#
#.###.#.######
#.#
#........Y...#
#.#
#.###.#.####Y#
#.# ...#.# #@#
#.# #####.#
#.#####.# #.#
#.......# #.#
#######.# #..
........# ...
.######.#####
###
............#
.####.......#
.####..)....#


You could see a yak.

Vanquished Creatures
  Harold (Lair:2)
  A black mamba (Lair:2)
  Joseph (D:7)
  3 centaur skeletons (D:7)
  2 cane toads
  2 rime drakes (Lair:2)
  5 blink frogs
  A meliai zombie (D:7)
  Sigmund (D:7)
  14 yaks
  2 basilisks (Lair:1)
  Grum (D:8)
  Menkaure (D:4)
  2 nagas (Lair:2)
  Edmund (D:7)
  5 water moccasins
  Duvessa (D:4)
  2 orc warriors (D:8)
  3 black bears
  A hornet zombie (D:7)
  2 sky beasts (D:6)
  A necrophage (D:9)
  2 phantoms
  An ogre (D:8)
  13 wolves
  3 centaurs
  8 bullfrogs
  Dowan (D:4)
  6 scorpions
  A wyvern skeleton (D:7)
  A jelly (D:5)
  A bullfrog zombie (D:6)
  A centaur zombie (D:7)
  2 hounds
  An orc priest (D:5)
  A bullfrog skeleton (D:8)
  5 orc wizards
  4 worker ants
  A hound zombie (D:9)
  A worker ant zombie (D:5)
  7 adders
  8 gnolls
  5 shadow imps
  A white imp (D:5)
  3 ufetubi
  2 adder skeletons
  2 dart slugs (D:1)
  2 leopard geckos
  19 orcs
  7 giant cockroaches
  4 goblins
  7 hobgoblins
  3 jackals (D:5)
  A quokka (D:3)
  A ball python (D:5)
  10 bats
  3 frilled lizards
  3 kobolds
  A leopard gecko skeleton (D:8)
  4 rats
199 creatures vanquished.

Vanquished Creatures (others)
  35 fungi
  40 plants
  6 withered plants (D:7)
81 creatures vanquished.

Grand Total: 280 creatures vanquished

Notes
Turn   | Place    | Note
-------+----------+-------------------------------------------
     0 | D:1      | brinewave the Minotaur Monk began the quest for the Orb.
     0 | D:1      | Reached XP level 1. HP: 19/19 MP: 0/0
   173 | D:1      | Reached XP level 2. HP: 27/27 MP: 1/1
  1231 | D:2      | Found a glowing golden altar of the Shining One.
  1242 | D:2      | Reached XP level 3. HP: 27/34 MP: 2/2
  1248 | D:2      | HP: 1/34 [gnoll/+0 flail (3)]
  1843 | D:2      | Reached XP level 4. HP: 37/41 MP: 3/3
  2147 | D:3      | Reached skill level 5 in Fighting
  2147 | D:3      | Reached skill level 5 in Long Blades
  2374 | D:3      | Reached skill level 1 in Armour
  2394 | D:3      | Reached skill level 1 in Slings
  2592 | D:3      | Reached XP level 5. HP: 45/48 MP: 4/4
  2655 | D:3      | Found a basalt altar of Yredelemnul.
  2656 | D:3      | Found a stormy altar of Qazlal.
  2667 | D:3      | Became a worshipper of Qazlal Stormbringer
  2667 | D:3      | Reached * piety under Qazlal
  2667 | D:3      | Reached ** piety under Qazlal
  2788 | D:3      | Found a burning altar of Makhleb.
  3186 | D:4      | Noticed Dowan
  3187 | D:4      | Noticed Duvessa
  3198 | D:4      | Killed Duvessa
  3204 | D:4      | Killed Dowan
  3205 | D:4      | Reached XP level 6. HP: 34/57 MP: 1/5
  3402 | D:4      | Found an ornate altar of the Wu Jian Council.
  3442 | D:4      | Noticed Menkaure
  3448 | D:4      | Killed Menkaure
  3755 | D:4      | You fall into a shaft and drop 1 floor!
  3755 | D:5      | Entered Level 5 of the Dungeon
  3811 | D:5      | Found a radiant altar of Vehumet.
  3837 | D:5      | Reached XP level 7. HP: 62/63 MP: 6/6
  3947 | D:5      | Found a shimmering altar of Xom.
  5168 | D:6      | Found Anablill's Gadget Shop.
  5182 | D:6      | Bought a wand of enslavement (8) for 140 gold pieces
  5200 | D:6      | Reached XP level 8. HP: 63/73 MP: 7/7
  5221 | D:6      | Reached skill level 5 in Armour
  5513 | D:6      | Found a glowing silver altar of Zin.
  5672 | D:6      | You fall into a shaft and drop 1 floor!
  5878 | D:6      | Reached skill level 5 in Slings
  5992 | D:6      | Found a staircase to the Ecumenical Temple.
  6001 | Temple   | Entered the Ecumenical Temple
  6315 | D:7      | Noticed Sigmund
  6325 | D:7      | Killed Sigmund
  6361 | D:7      | Noticed Edmund
  6383 | D:7      | Killed Edmund
  6457 | D:7      | Reached XP level 9. HP: 80/82 MP: 8/8
  6460 | D:7      | Reached *** piety under Qazlal
  6484 | D:7      | Noticed Joseph
  6516 | D:7      | Killed Joseph
  6629 | D:7      | Noticed a hellwing
  6713 | D:8      | Reached XP level 10. HP: 86/92 MP: 9/9
  6722 | D:8      | Noticed Grum
  6759 | D:8      | Killed Grum
  6844 | D:8      | Reached skill level 10 in Long Blades
  6929 | D:8      | Reached skill level 10 in Fighting
  7046 | D:8      | Reached **** piety under Qazlal
  7421 | D:8      | Found an iron altar of Okawaru.
  7504 | D:8      | Found a staircase to the Lair.
  7522 | Lair:1   | Entered Level 1 of the Lair of Beasts
  7828 | Lair:1   | Found a gate leading to a gauntlet.
  7837 | Gauntlet | Entered a Gauntlet
  7837 | Gauntlet | Found a transporter.
  7837 | Gauntlet | Found a transporter.
  7843 | Gauntlet | Found a transporter.
  7848 | Gauntlet | Found a transporter.
  7859 | Gauntlet | Noticed a death ooze
  7871 | Gauntlet | Found a transporter.
  7876 | Gauntlet | Noticed a wizard
  7878 | Gauntlet | Found a transporter.
  7884 | Gauntlet | Noticed a queen ant
  7888 | Gauntlet | Found a transporter.
  7892 | Gauntlet | Found a transporter.
  7895 | Gauntlet | Noticed a wretched star
  7898 | Gauntlet | Found a transporter.
  7898 | Gauntlet | Found a transporter.
  7932 | Gauntlet | Found a transporter.
  8440 | Lair:2   | Noticed a cane toad
  8453 | Lair:2   | Killed a cane toad
  8831 | Lair:2   | Reached XP level 11. HP: 101/101 MP: 10/10
  8934 | Lair:2   | Noticed Harold
  8946 | Lair:1   | Reached skill level 10 in Armour
  9029 | Lair:2   | Killed Harold
  9216 | Lair:2   | Noticed an oklob plant
  9236 | Lair:2   | Found a staircase to the Snake Pit.
  9246 | Snake:1  | Entered Level 1 of the Snake Pit
 11104 | D:7      | HP: 3/103 [hellwing (10)]
 11444 | D:9      | Slain by a yak

Illustrated notes

Levels and vault maps discovered:
D:1:      erik_arrival_blinker_ship, layout_loops_corners, serial_rivers,
          chequers_serial_rivers_small_b, chequers_serial_rivers_large_b,
          chequers_serial_rivers_micro_d, chequers_serial_rivers_micro_a
D:2:      layout_loops_corners, lemuel_crystal_altar, minmay_misc_feat_rugged,
          grunt_decor_cap, serial_park_tiny_1
D:3:      layout_loops_ring, bloody_makhleb,
          chequers_temple_overflow_statue_of_worship, minmay_unequal
D:4:      layout_loops_cross, overflow_temple_1_default,
          gammafunk_temple_overflow_statue, kb_xom_exploding_sheep,
          uniq_menkaure, uniq_pikel, uniq_duvessa
D:5:      black_bear_nest_2, layout_gridville, old_standard_altar,
          old_standard_altar, solitary_fountain
D:6:      layout_cave_pools, zin_academy, lemuel_temple_firewalk_a,
          serial_shops, shop, kennysheep_potato
D:7:      cheibrodos_grave_circle, layout_basic, bloody_trog,
          sigmund_edmund_badplayer, uniq_joseph
D:8:      layout_loops_ring, okawaru_ov_weapons_minmay,
          due_lair_maze_entry_diamond, minmay_fractal_squares_diagonal_5,
          uniq_grum
D:9:      layout_loops_ring, lemuel_crystal_altar, small_statue_intersection
Temple:   jpeg_temple_island
Lair:1:   layout_regular_city, gauntlet_entry_generic
Lair:2:   layout_cave_pods, guppyfry_snake_entry_island, dpeg_stationary_puzzle,
          grunt_megastairs_5, uniq_harold
Lair:3:   layout_cave_shapes, gammafunk_ghost_hydra_chop
Snake:1:  dpeg_oklob_gauntlet, layout_honeycomb, st_stairs_1, minmay_shoptagon

Skill      XL: |  1  2  3  4  5  6  7  8  9 10 11 |
---------------+----------------------------------+-----
Fighting       | 4 5 6 7 8 9 10 11 | 11.7
Long Blades    | 4 5 6 7 8 9 10 11 | 11.7
Armour         | 1 2 3 4 6 8 9 10 | 10.7
Slings         | 1 2 3 4 5 7 9 |  9.9
Dodging        | |  3.2
Stealth        | |  1.5

Action                   |  1- 3 |  4- 6 |  7- 9 | 10-12 || total
-------------------------+-------+-------+-------+-------++-------
Melee: Falchion          |    54 |    90 |   235 |   458 ||   837
       Headbutt          |    14 |    13 |    75 |   127 ||   229
 Fire: Hunting sling     |     4 |       |     4 |     5 ||    13
Invok: Upheaval          |       |     1 |       |     1 ||     2
  Use: Scroll            |     2 |     8 |     2 |     9 ||    21
       Potion            |       |       |     1 |     2 ||     3
 Stab: Sleeping          |     1 |     3 |       |       ||     4
Armor: Robe              |    10 |     8 |       |       ||    18
       Leather armour    |       |     7 |    49 |    73 ||   129
Dodge: Dodged            |    41 |    55 |   120 |   209 ||   425
       Repelled          |       |       |       |     1 ||     1
Block: Other             |       |     2 |    34 |    84 ||   120
       Rpst.: Falchion   |    15 |    18 |    37 |    50 ||   120
